 Dungeon Crawl Stone Soup version 0.30-a0-168-g0b976cbdc4 (webtiles) character file.

Game seed: 1018492249044146502

1120 qw the Chopper (level 8, 0/49 HPs)
             Began as a Gargoyle Fighter on Sept 29, 2022.
             Was an Initiate of Okawaru.
             Slain by a gnoll
             ... wielding a +0 halberd
              (2 damage)
             ... on level 5 of the Dungeon.
             The game lasted 00:01:52 (5644 turns).

qw the Chopper (Gargoyle Fighter)                   Turns: 5644, Time: 00:01:53

Health: 0/49       AC: 18    Str: 21    XL:     8   Next: 34%
Magic:  8/8        EV:  6    Int: 10    God:    Okawaru [......]
Gold:   283        SH:  4    Dex:  9    Spells: 7/7 levels left

rFire   . . .      SeeInvis .    g - +1 war axe (vamp)
rCold   . . .      Faith    .    c - +0 buckler
rNeg    + . .      Spirit   .    f - +0 plate armour
rPois   inf        Reflect  .    (no helmet)
rElec   +          Harm     .    e - +0 cloak
rCorr   .          Rampage  .    (no gloves)
Will    .....                    (no boots)
Stlth   ..........               (no amulet)
HPRegen 0.16/turn                (no ring)
MPRegen 0.11/turn                (no ring)

@: about to teleport
A: sickness immunity, AC +5, negative energy resistance 1, electricity
resistance, torment resistance 1, petrification resistance
a: Renounce Religion


You were on level 5 of the Dungeon.
You worshipped Okawaru.
Okawaru was noncommittal.
You visited 1 branch of the dungeon, and saw 5 of its levels.

You collected 283 gold pieces.


Innate Abilities, Weirdness & Mutations

You are immune to sickness and miasma.
Your stone body is resilient. (AC +5)
You are immune to poison.
You resist negative energy. (rN+)
You are resistant to electric shocks. (rElec)
You are resistant to unholy torment.
You are immune to petrification.


   Skills:
 - Level 5.2 Fighting
 + Level 7.7 Axes
 - Level 1.2 Throwing
 - Level 4.0 Armour
 - Level 1.2 Dodging
 - Level 3.2 Shields


You had 7 spell levels left.
You didn't know any spells.
Your spell library was empty.

Inventory:

Hand Weapons
 g - a +1 vampiric war axe (weapon)
 j - a +0 flail
Missiles
 q - a boomerang (quivered)
Armour
 c - a +0 buckler (worn)
 e - a +0 cloak (worn)
 f - a +0 plate armour (worn)
 r - a +0 helmet
Jewellery
 p - a ring of fire
Scrolls
 l - 2 scrolls of teleportation
 n - a scroll of identify
Potions
 a - a potion of lignification
 b - a potion of invisibility {unknown}
 d - 2 potions of might
 h - 2 potions of curing
 i - 2 potions of resistance {unknown}
 k - a potion of attraction {unknown}
 m - a potion of heal wounds {unknown}
 o - 2 potions of mutation {unknown}

Dungeon Overview and Level Annotations

Branches:
Dungeon (5/15)
 Temple: D:4-7

Altars:
Dithmenos
Okawaru
Sif Muna
Xom
Yredelemnul

Annotations:
D:3 1 runed translucent door, Crazy Yiuf
D:5 2 transporters, qw's ghost, amateur GrFi


Message History

The gnoll is severely wounded.
You closely miss the adder. The adder bites you but does no damage.
The gnoll closely misses you.
The gnoll hits you but does no damage. x3
The adder bites you but does no damage.
You hit the gnoll.
You feel better.
The gnoll is severely wounded.
You slash the adder!
You kill the adder!
Okawaru accepts your kill.
The gnoll hits you but does no damage. x2; You block the gnoll's attack.
The gnoll closely misses you.
You hit the gnoll but do no damage.
The gnoll is severely wounded.
The gnoll hits you but does no damage. x2; The gnoll barely misses you. x2
You hit the gnoll.
You feel better.
The gnoll is almost dead.
The gnoll hits you but does no damage. The gnoll completely misses you.
The gnoll barely misses you. The gnoll hits you but does no damage.
You barely miss the gnoll.
The gnoll is almost dead.
The gnoll barely misses you. x2; The gnoll hits you but does no damage. x2
The gnoll hits you with a +0 whip. The gnoll barely misses you.
The gnoll hits you from afar with a +0 halberd.
The gnoll hits you but does no damage.
You slash the gnoll!
You kill the gnoll!
Okawaru accepts your kill. The gnoll barely misses you.
The gnoll hits you from afar with a +0 spear.
The gnoll hits you from afar with a +0 halberd.
5643 ||| READING 3 scrolls of teleportation.
As you read the scroll of teleportation, it crumbles to dust.
You feel strangely unstable. The gnoll hits you but does no damage.
The gnoll barely misses you.
The gnoll hits you from afar with a +0 halberd.
The gnoll hits you from afar with a +0 halberd.
The gnoll hits you from afar with a +0 spear.
The gnoll hits you with a +0 halberd.
You die...

~....# #.###.#.###
#..######...## ~....#
#.#.....# #..# ##..##
..)### #......## #..#
#.>..
...#####......######..##
#####
...'..........##.......#
...#####......##.......#
...# #.......')......#
...# #.#######..g....#
...# #.#.....%@..!...#
#### #.#.##...g.g....#
#.# #..........# #.#
#..........# #.#
####.......# #.#
#.......# #.# ####.#+##
#.# .# #.#


You could see 3 gnolls.

Vanquished Creatures
  Grinder (D:3)
  Sigmund (D:3)
  Eustachio (D:5)
  A kobold brigand (D:5)
  3 hounds
  An orc priest (D:5)
  2 jellies
  Jessica (D:3)
  3 iguanas
  Ijyb (D:5)
  An orc wizard (D:5)
  2 gnolls
  9 adders
  2 white imps (D:5)
  2 ufetubi
  3 worms
  A dart slug (D:2)
  12 orcs
  3 endoplasms
  3 giant cockroaches
  6 goblins
  6 hobgoblins
  4 jackals (D:2)
  3 quokkas
  9 ball pythons
  7 bats
  2 frilled lizards
  14 kobolds
  7 rats
111 creatures vanquished.

Vanquished Creatures (others)
  2 fungi (D:5)
  6 plants (D:5)
8 creatures vanquished.

Grand Total: 119 creatures vanquished

Notes
Turn   | Place    | Note
-------+----------+-------------------------------------------
     0 | D:1      | qw the Gargoyle Fighter began the quest for the Orb.
     0 | D:1      | Reached XP level 1. HP: 14/14 MP: 1/1
     0 | D:1      | 0 ||| qw: Version: 0.2-a-12-gaebbb33
     0 | D:1      | 0 ||| qw: Game counter: 1254
     0 | D:1      | 0 ||| qw: Always use a shield: true
     0 | D:1      | 0 ||| qw: God list: Okawaru
     0 | D:1      | 0 ||| qw: Allow faded altars: false
     0 | D:1      | 0 ||| qw: Do Orc after D:15 true
     0 | D:1      | 0 ||| qw: Do second Lair branch before Depths: true
     0 | D:1      | 0 ||| qw: Lair rune preference: random
     0 | D:1      | 0 ||| qw: Plans: Normal, Zot:1-4, God:TSO, Crypt, Tomb,
                  | Pan, Slime:5, Hells, Abyss, Orb
     0 | D:1      | 0 ||| PLANNING D:1-11
    54 | D:1      | Reached skill level 2 in Axes
   250 | D:1      | Reached XP level 2. HP: 15/19 MP: 2/2
   467 | D:1      | 467 ||| Stepping ~*~*~tactically~*~*~ (stealth).
   553 | D:1      | HP: 2/19 [gnoll/+0 flail (10)]
   556 | D:1      | Reached skill level 3 in Axes
   556 | D:1      | Reached XP level 3. HP: 2/23 MP: 3/3
   845 | D:1      | 845 ||| DROPPING +0 whip.
  1089 | D:1      | 1089 ||| READING scroll labelled JAKLIV GUCKI.
  1090 | D:1      | 1090 ||| READING scroll labelled YNTOUR GUEKE.
  1091 | D:1      | 1091 ||| READING scroll labelled QESOTA XUONUT.
  1092 | D:1      | 1092 ||| READING scroll labelled TUENLE ROTAIR.
  1093 | D:1      | 1093 ||| DRINKING 2 fuming brown potions.
  1094 | D:1      | 1094 ||| DROPPING potion of flight.
  1128 | D:2      | 1128 ||| STAIRDANCE
  1166 | D:2      | Found a faded altar of an unknown god.
  1315 | D:2      | Identified the +10 falchion of Distraction {protect, Fly
                  | rC+ Str+3 Stlth+}
  1574 | D:2      | Reached XP level 4. HP: 27/28 MP: 4/4
  1852 | D:2      | Reached skill level 1 in Throwing
  2180 | D:2      | 2180 ||| UPGRADING to +0 cloak.
  2185 | D:2      | 2185 ||| READING scroll labelled CIJIET RIJAAHOG.
  2186 | D:2      | 2186 ||| READING scroll labelled FOSSAS IDU.
  2191 | D:2      | 2191 ||| READING scroll labelled HAL AFETHEDOSAD.
  2192 | D:2      | 2192 ||| READING 2 scrolls of identify.
  2192 | D:2      | 2192 ||| IDENTIFYING lumpy silvery potion
  2235 | D:3      | Found a shimmering altar of Xom.
  2461 | D:3      | 2461 ||| Stepping ~*~*~tactically~*~*~ (stealth).
  2545 | D:3      | Noticed Jessica
  2549 | D:3      | Killed Jessica
  2550 | D:3      | Reached skill level 4 in Axes
  2568 | D:3      | Noticed Sigmund
  2588 | D:3      | Killed Sigmund
  2589 | D:3      | Reached skill level 5 in Axes
  2589 | D:3      | Reached XP level 5. HP: 21/32 MP: 5/5
  2589 | D:3      | Reached XP level 6. HP: 24/37 MP: 6/6
  2709 | D:3      | Noticed Grinder
  2711 | D:3      | 2711 ||| Stepping ~*~*~tactically~*~*~ (hiding).
  2712 | D:3      | 2712 ||| Stepping ~*~*~tactically~*~*~ (hiding).
  2717 | D:3      | Paralysed by Grinder for 4 turns
  2740 | D:3      | 2740 ||| FLEEEEING.
  2741 | D:3      | 2741 ||| FLEEEEING.
  2745 | D:3      | 2745 ||| FLEEEEING.
  2746 | D:3      | 2746 ||| FLEEEEING.
  2746 | D:3      | Paralysed by Grinder for 4 turns
  2750 | D:3      | 2750 ||| FLEEEEING.
  2751 | D:3      | 2751 ||| FLEEEEING.
  2752 | D:3      | 2752 ||| FLEEEEING.
  2753 | D:3      | 2753 ||| FLEEEEING.
  2754 | D:3      | 2754 ||| FLEEEEING.
  2755 | D:3      | Killed Grinder
  2756 | D:3      | Reached XP level 7. HP: 16/44 MP: 7/7
  3272 | D:3      | Found a shadowy altar of Dithmenos.
  3391 | D:3      | Found a runed translucent door.
  3392 | D:3      | Noticed Crazy Yiuf
  3395 | D:3      | 3395 ||| READING scroll labelled COVARO ACIMOYC.
  3396 | D:3      | 3396 ||| READING 3 scrolls labelled QAREFE ALOZONK.
  3397 | D:3      | 3397 ||| DROPPING 2 scrolls of poison.
  3449 | D:4      | 3449 ||| Stepping ~*~*~tactically~*~*~ (stealth).
  3450 | D:4      | 3450 ||| Stepping ~*~*~tactically~*~*~ (stealth).
  3544 | D:4      | Reached skill level 1 in Dodging
  3827 | D:4      | 3827 ||| READING scroll of enchant weapon.
  3827 | D:4      | 3827 ||| ENCHANTING +0 vampiric war axe.
  3865 | D:4      | 3865 ||| Stepping ~*~*~tactically~*~*~ (stealth).
  3929 | D:4      | Found a basalt altar of Yredelemnul.
  3938 | D:4      | Found an iron altar of Okawaru.
  3939 | D:4      | 3939 ||| PLANNING OKAWARU WORSHIP
  3939 | D:4      | 3939 ||| UPGRADING to +0 plate armour.
  3949 | D:4      | 3949 ||| DROPPING +0 scale mail.
  3950 | D:4      | 3950 ||| DRINKING 2 murky silvery potions.
  3970 | D:4      | 3970 ||| FLEEEEING.
  3971 | D:4      | 3971 ||| FLEEEEING.
  3972 | D:4      | 3972 ||| FLEEEEING.
  3977 | D:4      | 3977 ||| FLEEEEING.
  3978 | D:4      | 3978 ||| FLEEEEING.
  3979 | D:4      | 3979 ||| FLEEEEING.
  3980 | D:4      | 3980 ||| FLEEEEING.
  3981 | D:4      | 3981 ||| FLEEEEING.
  3982 | D:4      | 3982 ||| FLEEEEING.
  3983 | D:4      | 3983 ||| FLEEEEING.
  3984 | D:4      | 3984 ||| FLEEEEING.
  3985 | D:4      | 3985 ||| STAIRDANCE
  4109 | D:4      | 4109 ||| FLEEEEING.
  4110 | D:4      | 4110 ||| FLEEEEING.
  4111 | D:4      | 4111 ||| FLEEEEING.
  4112 | D:4      | 4112 ||| FLEEEEING.
  4113 | D:4      | 4113 ||| FLEEEEING.
  4114 | D:4      | 4114 ||| FLEEEEING.
  4115 | D:4      | 4115 ||| FLEEEEING.
  4116 | D:4      | 4116 ||| FLEEEEING.
  4117 | D:4      | 4117 ||| FLEEEEING.
  4118 | D:4      | 4118 ||| FLEEEEING.
  4119 | D:4      | 4119 ||| STAIRDANCE
  4212 | D:4      | 4212 ||| STAIRDANCE
  4334 | D:4      | Became a worshipper of Warmaster Okawaru
  4335 | D:4      | 4335 ||| PLANNING D:1-11
  4507 | D:4      | Found a shimmering blue altar of Sif Muna.
  4767 | D:4      | 4767 ||| DRINKING 3 dark potions.
  4768 | D:4      | 4768 ||| DROPPING 2 potions of brilliance.
  4807 | D:5      | Entered Level 5 of the Dungeon
  4808 | D:5      | 4808 ||| Stepping ~*~*~tactically~*~*~ (hiding).
  4809 | D:5      | 4809 ||| Stepping ~*~*~tactically~*~*~ (hiding).
  4814 | D:5      | Reached skill level 6 in Axes
  4822 | D:5      | 4822 ||| DRINKING 2 potions of curing.
  4822 | D:5      | 4822 ||| (to cure confusion)
  4880 | D:5      | Noticed qw's ghost (amateur GrFi)
  4960 | D:5      | Noticed Eustachio
  4965 | D:5      | 4965 ||| Stepping ~*~*~tactically~*~*~ (stealth).
  5009 | D:5      | 5009 ||| Stepping ~*~*~tactically~*~*~ (stealth).
  5029 | D:5      | Killed Eustachio
  5068 | D:5      | Identified the +7 spear of Soft Expedience {venom, rElec
                  | rC+ Int-3}
  5105 | D:5      | Reached XP level 8. HP: 49/49 MP: 8/8
  5187 | D:5      | Reached skill level 7 in Axes
  5297 | D:5      | 5297 ||| Stepping ~*~*~tactically~*~*~ (stealth).
  5315 | D:5      | 5315 ||| Stepping ~*~*~tactically~*~*~ (hiding).
  5316 | D:5      | 5316 ||| Stepping ~*~*~tactically~*~*~ (hiding).
  5522 | D:5      | Noticed Ijyb
  5526 | D:5      | Killed Ijyb
  5583 | D:5      | Found a transporter.
  5584 | D:5      | Found a transporter.
  5629 | D:5      | 5629 ||| Stepping ~*~*~tactically~*~*~ (stealth).
  5642 | D:5      | HP: 9/49 [gnoll/+0 halberd (4)]
  5643 | D:5      | 5643 ||| READING 3 scrolls of teleportation.
  5643 | D:5      | HP: 4/49 [gnoll/+0 halberd (6)]
  5644 | D:5      | Slain by a gnoll

Levels and vault maps discovered:
D:1:      dpeg_arrival_water_temple_mockup, layout_basic,
          kennysheep_another_room
D:2:      layout_basic, chequers_ecumenical_altar_island,
          minmay_goblin_kobold_house
D:3:      wander_river, layout_basic, grunt_dithmenos_smoke_and_mirrors,
          overflow_temple_1_default, uniq_grinder, uniq_crazy_yiuf_cottage,
          uniq_sigmund, uniq_jessica
D:4:      layout_basic, okawaru_gym_becter, mainiacjoe_overflow_chevrons,
          general_overflow_altar, kennysheep_donut, dk_vineyard_2, minivault_1,
          roderic_lattice_a, st_stairs_2, dreamdust_princess_corridor
D:5:      layout_basic, gammafunk_ghost_gnarly_gnolls, minmay_misc_feat_columns,
          water_boxes_lemuel, uniq_eustachio, uniq_ijyb

Skill      XL: |  1  2  3  4  5  6  7  8 |
---------------+-------------------------+-----
Axes           | 2 3 5 6 7 |  7.7
Throwing       | 1 |  1.2
Fighting       | 5 |  5.2
Dodging        | 1 |  1.2
Armour         | 4 |  4.0
Shields        | |  3.2

Action                   |  1- 3 |  4- 6 |  7- 9 || total
-------------------------+-------+-------+-------++-------
Melee: War axe           |    99 |    67 |   205 ||   371
Throw: Javelin           |     5 |    13 |    16 ||    34
       Boomerang         |       |       |     8 ||     8
  Use: Scroll            |     4 |     4 |     4 ||    12
       Potion            |     1 |       |     3 ||     4
Armor: Scale mail        |    47 |    22 |    26 ||    95
       Plate armour      |       |       |   179 ||   179
       Skin              |       |       |    19 ||    19
Dodge: Dodged            |    55 |    24 |    93 ||   172
Block: Buckler           |    19 |    13 |    46 ||    78

Table legend:
 A = Non-vault XP
 B = Vault XP
 C = Vault XP percentage of total XP
 D = Non-vault monster count
 E = Vault monster count
 F = Vault count percentage of total count
                 A         B        C        D         E       F
            +---------+---------+-------+---------+---------+-------
      Total |     797 |     804 |  50.2 |     101 |      10 |   9.0
            +---------+---------+-------+---------+---------+-------
        D:1 |      49 |       0 |   0.0 |      24 |       0 |   0.0
        D:2 |      49 |       4 |   7.5 |      18 |       3 |  14.3
        D:3 |      41 |     528 |  92.8 |      16 |       3 |  15.8
        D:4 |     132 |      39 |  22.8 |      12 |       2 |  14.3
        D:5 |     526 |     233 |  30.7 |      31 |       2 |   6.1
            +---------+---------+-------+---------+---------+-------
